 Dungeon Crawl Stone Soup version 0.28-a0-728-g0181a31188 (webtiles) character file.

Game seed: 6363140294294025620

143 Ijustatesigmund the Covert (level 5, -2/47 HPs)
             Began as a Gnoll Delver on Oct 28, 2021.
             Slain by a phantom (8 damage)
             ... on level 5 of the Dungeon.
             The game lasted 00:02:20 (877 turns).

Ijustatesigmund the Covert (Gnoll Delver)            Turns: 877, Time: 00:02:21

Health: -2/47      AC:  3    Str: 11    XL:     5   Next: 25%
Magic:  7/7        EV: 13    Int: 10    God:
Gold:   39         SH:  0    Dex: 14    Spells: 6/6 levels left

rFire   . . .      SeeInvis .   a - +0 hand axe
rCold   . . .      Faith    .   (no shield)
rNeg    . . .      Spirit   .   b - +0 leather armour
rPois   .          Reflect  .   (no helmet)
rElec   .          Harm     .   (no cloak)
rCorr   .          Rampage  .   (no gloves)
Will    .....                   (no boots)
Stlth   ++++......              (no amulet)
HPRegen 0.15/turn               (no ring)
MPRegen 0.10/turn               (no ring)

@: no status effects
A: fangs 1, strong nose, distributed training
a: no special abilities


You were on level 5 of the Dungeon.
You visited 1 branch of the dungeon, and saw 3 of its levels.

You collected 39 gold pieces.

Inventory:

Hand Weapons
 a - a +0 hand axe (weapon)
Armour
 b - a +0 leather armour (worn)
Wands
 g - a wand of digging (3)
Scrolls
 c - a scroll of fog
 d - a scroll of magic mapping


   Skills:
 + Level 6.7 Fighting
 + Level 1.4 Short Blades
 + Level 1.4 Long Blades
 + Level 4.7 Axes
 + Level 1.4 Maces & Flails
 + Level 1.4 Polearms
 + Level 1.4 Staves
 + Level 1.4 Slings
 + Level 1.4 Bows
 + Level 1.4 Crossbows
 + Level 1.4 Throwing
 + Level 1.4 Armour
 + Level 4.7 Dodging
 + Level 9.7 Stealth
 + Level 1.4 Shields
 + Level 1.4 Unarmed Combat
 + Level 1.4 Spellcasting
 + Level 1.1 Conjurations
 + Level 1.1 Hexes
 + Level 1.1 Summonings
 + Level 1.1 Necromancy
 + Level 1.1 Translocations
 + Level 1.1 Transmutations
 + Level 1.1 Fire Magic
 + Level 1.1 Ice Magic
 + Level 1.1 Air Magic
 + Level 1.1 Earth Magic
 + Level 1.1 Poison Magic
 + Level 1.6 Invocations
 + Level 1.4 Evocations


You had 6 spell levels left.
You didn't know any spells.
Your spell library was empty.

Dungeon Overview and Level Annotations

Branches:
Dungeon (6/15)
 Temple: D:4-7

Altars:

Shops:
D:5 (   D:6 (


Innate Abilities, Weirdness & Mutations

You have very sharp teeth.
Your uncanny sense of smell can sniff out nearby items.
Your experience applies equally to all skills.


Message History

You are too injured to fight recklessly!
You are too injured to fight recklessly!
You are too injured to fight recklessly!
You are too injured to fight recklessly!
You are too injured to fight recklessly!
You are too injured to fight recklessly!
You are too injured to fight recklessly!
You are too injured to fight recklessly!
You are too injured to fight recklessly!
You are too injured to fight recklessly!
You are too injured to fight recklessly!
You are too injured to fight recklessly!
You miss the phantom.
The phantom is heavily damaged.
The phantom closely misses you.
You completely miss the phantom.
The phantom is heavily damaged.
The phantom closely misses you.
You hit the phantom.
The phantom is heavily damaged.
The phantom misses you.
You barely miss the phantom.
The phantom is heavily damaged.
The phantom hits you but does no damage.
Your leather armour prevents you from hitting the phantom.
You bite the phantom.
The phantom is heavily damaged.
The phantom hits you.
* * * LOW HITPOINT WARNING * * *
The phantom hits you!
* * * LOW HITPOINT WARNING * * *
You aren't carrying any potions.
Okay, then.
You hit the phantom but do no damage.
The phantom is heavily damaged.
The phantom completely misses you.
You hit the phantom but do no damage.
The phantom is heavily damaged.
The phantom hits you!
You die...

..## ...##
##....##
######
#......##
#..).##
##.......#
####..##
##...# ##..#
##..###
##.## ##W.##
#..# ##@.##
##..####..##
#...)...!##
#...##>....#
#### ##...##
#....#
##.....
#...... ∆
########


You could see a phantom.

Vanquished Creatures
  An ogre (D:5)
  A hound (D:6)
  A killer bee zombie (D:6)
  An adder (D:6)
4 creatures vanquished.

Notes
Turn   | Place    | Note
-------+----------+-------------------------------------------
     0 | D:5      | Reached skill level 9 in Stealth
     0 | D:5      | Ijustatesigmund the Gnoll Delver began the quest for the
                  | Orb.
     0 | D:5      | Reached XP level 1. HP: 23/23 MP: 1/1
     5 | D:4      | Noticed a phantom
    14 | D:6      | Found Hegiozxa's Weapon Shoppe.
   208 | D:6      | Noticed an ogre
   224 | D:6      | Reached XP level 2. HP: 9/29 MP: 2/2
   516 | D:6      | Reached skill level 1 in Invocations
   516 | D:6      | Reached XP level 3. HP: 19/35 MP: 2/4
   698 | D:6      | Reached skill level 1 in Short Blades
   698 | D:6      | Reached skill level 1 in Long Blades
   698 | D:6      | Reached skill level 1 in Maces & Flails
   698 | D:6      | Reached skill level 1 in Polearms
   698 | D:6      | Reached skill level 1 in Staves
   698 | D:6      | Reached skill level 1 in Slings
   698 | D:6      | Reached skill level 1 in Bows
   698 | D:6      | Reached skill level 1 in Crossbows
   698 | D:6      | Reached skill level 1 in Throwing
   698 | D:6      | Reached skill level 1 in Armour
   698 | D:6      | Reached skill level 1 in Shields
   698 | D:6      | Reached skill level 1 in Unarmed Combat
   698 | D:6      | Reached skill level 1 in Spellcasting
   698 | D:6      | Reached skill level 1 in Evocations
   698 | D:6      | Reached XP level 4. HP: 41/41 MP: 5/5
   772 | D:5      | Killed an ogre
   773 | D:5      | Reached skill level 1 in Conjurations
   773 | D:5      | Reached skill level 1 in Hexes
   773 | D:5      | Reached skill level 1 in Summonings
   773 | D:5      | Reached skill level 1 in Necromancy
   773 | D:5      | Reached skill level 1 in Translocations
   773 | D:5      | Reached skill level 1 in Transmutations
   773 | D:5      | Reached skill level 1 in Fire Magic
   773 | D:5      | Reached skill level 1 in Ice Magic
   773 | D:5      | Reached skill level 1 in Air Magic
   773 | D:5      | Reached skill level 1 in Earth Magic
   773 | D:5      | Reached skill level 1 in Poison Magic
   773 | D:5      | Reached XP level 5. HP: 39/47 MP: 5/7
   855 | D:5      | Noticed a phantom
   877 | D:5      | Slain by a phantom

Illustrated notes

Levels and vault maps discovered:
D:4:      layout_gridville, grunt_tough_drop
D:5:      layout_layer_cave, minmay_temple_entry_hall, nicolae_stop_n_shop_2,
          chequers_serial_rivers_small_b, minmay_mini_ossuary
D:6:      layout_loops_ring, minivault_27, minmay_misc_feat_encased,
          nicolae_stop_n_shop_2

Skill      XL: |  1  2  3  4 |
---------------+-------------+-----
Stealth        | |  9.7
Invocations    | 1 |  1.6
Short Blades   | 1 |  1.4
Long Blades    | 1 |  1.4
Maces & Flails | 1 |  1.4
Polearms       | 1 |  1.4
Staves         | 1 |  1.4
Slings         | 1 |  1.4
Bows           | 1 |  1.4
Crossbows      | 1 |  1.4
Throwing       | 1 |  1.4
Armour         | 1 |  1.4
Shields        | 1 |  1.4
Unarmed Combat | 1 |  1.4
Spellcasting   | 1 |  1.4
Evocations     | 1 |  1.4
Conjurations   | 1 |  1.1
Hexes          | 1 |  1.1
Summonings     | 1 |  1.1
Necromancy     | 1 |  1.1
Translocations | 1 |  1.1
Transmutations | 1 |  1.1
Fire Magic     | 1 |  1.1
Ice Magic      | 1 |  1.1
Air Magic      | 1 |  1.1
Earth Magic    | 1 |  1.1
Poison Magic   | 1 |  1.1
Fighting       | |  6.7
Axes           | |  4.7
Dodging        | |  4.7

Action                   |  1- 3 |  4- 6 || total
-------------------------+-------+-------++-------
Melee: Hand axe          |    23 |    23 ||    46
       Bite              |     1 |     1 ||     2
  Use: Scroll            |     1 |       ||     1
       Potion            |       |     1 ||     1
 Stab: Sleeping          |     1 |       ||     1
Armor: Leather armour    |     9 |     1 ||    10
Dodge: Dodged            |    23 |    13 ||    36

Table legend: (Time is in decaauts)
 A = Elapsed time spent in this place.
 B = Non-inter-level travel time spent in this place.
 C = Inter-level travel time spent in this place.
 D = Time resting spent in this place.
 E = Time spent auto-exploring this place.
 F = Levels seen in this place.
 G = Mean time per level.
                   A        B        C        D        E       F      G
               +--------+--------+--------+--------+--------+-----+--------+
         Total |    862 |    862 |      0 |    491 |     67 |   3 |  287.3 |
       Dungeon |    862 |    862 |      0 |    491 |     67 |   3 |  287.3 |
               +--------+--------+--------+--------+--------+-----+--------+

Top non-repeatable levels by time:
     D:6: 747 daAuts
     D:5: 113 daAuts
     D:4: 1 daAuts
